 Dungeon Crawl Stone Soup version 0.30-a0-618-gd6c86c23d0 (webtiles) character file.

Game seed: 2756590652274175353

1346 funkygono the Thaumaturge (level 8, -5/42 HPs)
             Began as a Deep Elf Fire Elementalist on Jan 9, 2023.
             Was an Initiate of Sif Muna.
             Killed from afar by Sigmund (8 damage)
             ... with a magic dart
             ... on level 5 of the Dungeon.
             The game lasted 00:07:52 (5495 turns).

funkygono the Thaumaturge (DEFE)                    Turns: 5495, Time: 00:07:52

Health: -5/42      AC:  4    Str:  5    XL:     8   Next: 36%
Magic:  15/22      EV: 14    Int: 23    God:    Sif Muna [......]
Gold:   287        SH:  0    Dex: 21    Spells: 14/24 levels left

rFire   . . .      SeeInvis .    e - +0 short sword
rCold   . . .      Faith    .    (no shield)
rNeg    . . .      Spirit   .    a - +0 robe
rPois   .          Reflect  .    f - +1 helmet
rElec   .          Harm     .    (no cloak)
rCorr   .          Rampage  .    (no gloves)
Will    .....                    (no boots)
Stlth   ++                       (no amulet)
HPRegen 0.27/turn                w - +6 ring of dexterity
MPRegen 0.18/turn                (no ring)

@: marked
A: no striking features
a: Renounce Religion


You were on level 5 of the Dungeon.
You worshipped Sif Muna.
Sif Muna was noncommittal.
You visited 2 branches of the dungeon, and saw 8 of its levels.

You collected 287 gold pieces.

Inventory:

Hand Weapons
 e - a +0 short sword (weapon)
 n - a +0 heavy long sword
Armour
 a - a +0 robe (worn)
 f - a +1 helmet (worn)
 y - an orb of light
Jewellery
 b - an amulet of faith
 w - a +6 ring of dexterity (left hand)
Wands
 o - a wand of digging (4)
 q - a wand of charming (2)
 s - a wand of polymorph (21)
Scrolls
 c - 2 scrolls of magic mapping {unknown}
 g - 4 scrolls of teleportation {unknown}
 h - a scroll of noise {unknown}
 i - 2 scrolls of fear {unknown}
 j - a scroll of acquirement {unknown}
 k - a scroll of immolation {unknown}
 l - a scroll of amnesia {unknown}
 p - 2 scrolls of poison {unknown}
 u - 3 scrolls of identify {unknown}
 v - a scroll of silence {unknown}
 x - a scroll of blinking {unknown}
Potions
 d - 5 potions of curing {unknown}
 m - 2 potions of might {unknown}
 r - a potion of lignification {unknown}
 z - a potion of degeneration {unknown}
 A - a potion of mutation {unknown}
Miscellaneous
 t - a piece from Xom's chessboard (15/15)


   Skills:
 + Level 0.4 Fighting
 + Level 3.3 Dodging
 - Level 2.4 Stealth
 + Level 8.9 Spellcasting
 + Level 5.4 Conjurations
 + Level 7.1 Fire Magic


You had 14 spell levels left.
You knew the following spells:

 Your Spells              Type           Power      Damage    Failure   Level
a - Foxfire               Conj/Fire      100%       2x1d9     1%          1
b - Scorch                Fire           86%        2d9       1%          2
c - Kindle Blastsparks    Fire/Tloc/Air  42%        2d13      7%          3
d - Flame Wave            Conj/Fire      39%        2d11      4%          4

Your spell library contained the following spells:

 Spells                   Type           Power      Damage    Failure   Level
 Kiss of Death            Conj/Necr      88%        2d12      1%          1
 Momentum Strike          Conj/Tloc      44%        3d9       3%          2
 Inner Flame              Hex/Fire       26%        N/A       4%          3
 Dazzling Flash           Conj/Hex       44%        N/A       6%          3
 Blink                    Tloc           20%        N/A       10%         2
 Call Canine Familiar     Summ           10%        N/A       19%         3
 Confusing Touch          Hex            10%        N/A       19%         3
 Lesser Beckoning         Tloc           20%        N/A       19%         3
 Ozocubu's Armour         Ice            10%        N/A       19%         3
 Portal Projectile        Hex/Tloc       20%        N/A       19%         3
 Dispel Undead            Necr           10%        3d9       54%         4
 Leda's Liquefaction      Hex/Erth       5%         N/A       54%         4
 Agony                    Necr           10%        N/A       87%         5
 Silence                  Hex/Air        5%         N/A       87%         5
 Ozocubu's Refrigeration  Ice            5%         4d8       100%        7


Dungeon Overview and Level Annotations

Branches:
Dungeon (7/15)             Temple (1/1) D:6

Altars:
Ashenzari
Cheibriados
Dithmenos
Elyvilon
Fedhas
Gozag
Hepliaklqana
Makhleb
Okawaru
Qazlal
Sif Muna
Trog
Uskayaw
Vehumet
Wu Jian
Xom
Yredelemnul
The Shining One

Annotations:
D:5 Sigmund


Message History

Sigmund points at you and mumbles some strange words.
The magic dart hits you!
Unknown command.
A wave of flame ripples out!
The flame wave engulfs Sigmund!
Sigmund is moderately wounded.
The orc is no longer more vulnerable to fire.
Sigmund points at you and mumbles some strange words.
You are confused.
Sigmund gestures wildly while chanting.
Sigmund flickers and vanishes!
Deactivating autopickup; reactivate with Ctrl-A.
Unknown command.
You're too confused to cast spells.
Okay, then.
Unknown command.
Okay, then.
You are too confused!
Unknown command.
You bump into the rock wall.
Something hits you.
You are poisoned.
You feel very sick.
You hear some strange, mumbled words.
Something tries to affect you, but you resist.
You feel sick.
You feel sick.
A necrophage comes into view.
You feel sick.
You feel less confused.
You feel sick. Something hits you!
You feel sick.
You feel sick.
You feel sick.
You feel sick.
You are no longer poisoned.
A puff of flame appears from out of thin air!
The puff of flame hits you!
* * * LOW HITPOINT WARNING * * *
A magic dart appears from out of thin air!
The magic dart hits you!
You die...

..≈≈_≈≈..# #.≈≈≈≈≈..#
#..≈≈≈...# #........#
#####....# .........#
#####....#
###'####################.####
#....).....@....{Sno.).o....
#....##################!####
####(##..## #.....##..####
#.....###....#########
#.)...# ####.........#
#.....# #.........# #.....#
#.........# ####.##
##........#


You could see a necrophage and an adder.

Vanquished Creatures
  A water moccasin (D:7)
  A black bear (D:6)
  An orc warrior (D:7)
  An ice beast (D:5)
  An ogre (D:5)
  A phantom (D:6)
  A kobold brigand (D:6)
  2 scorpions
  3 howler monkeys
  2 hounds
  A jelly (D:4)
  Jessica (D:3)
  3 iguanas
  2 orc wizards (D:4)
  Ijyb (D:3)
  Robin (D:3)
  A gnoll (D:1)
  7 adders
  2 shadow imps
  2 ufetubi
  2 worms (D:2)
  2 dart slugs (D:3)
  17 orcs
  6 bats
  2 endoplasms
  12 giant cockroaches
  17 goblins
  9 hobgoblins
  3 jackals (D:1)
  4 quokkas
  5 ball pythons
  4 frilled lizards
  14 kobolds
  6 rats
  A butterfly (D:4)
139 creatures vanquished.

Vanquished Creatures (others)
  437 foxfires
437 creatures vanquished.

Grand Total: 576 creatures vanquished

Notes
Turn   | Place    | Note
-------+----------+-------------------------------------------
     0 | D:1      | funkygono the Deep Elf Fire Elementalist began the quest
                  | for the Orb.
     0 | D:1      | Reached XP level 1. HP: 10/10 MP: 6/6
   153 | D:1      | Reached XP level 2. HP: 15/15 MP: 4/8
   156 | D:1      | Learned a level 2 spell: Scorch
   597 | D:1      | Reached XP level 3. HP: 19/19 MP: 8/10
   601 | D:1      | Learned a level 3 spell: Kindle Blastsparks
  1460 | D:2      | Reached XP level 4. HP: 24/24 MP: 9/11
  1638 | D:2      | Reached skill level 4 in Spellcasting
  1695 | D:2      | Found an ornate altar of the Wu Jian Council.
  1904 | D:2      | Learned a level 4 spell: Flame Wave
  1932 | D:3      | Noticed Jessica
  1937 | D:3      | Killed Jessica
  2278 | D:3      | Noticed Ijyb
  2286 | D:3      | Killed Ijyb
  2287 | D:3      | Reached XP level 5. HP: 20/28 MP: 3/13
  2372 | D:3      | Noticed Robin
  2382 | D:3      | Reached skill level 5 in Fire Magic
  2393 | D:3      | Killed Robin
  2771 | D:3      | Reached skill level 5 in Spellcasting
  3219 | D:4      | Reached XP level 6. HP: 32/32 MP: 5/16
  3302 | D:4      | Found a shimmering altar of Xom.
  3664 | D:4      | Found a hide-covered altar of Uskayaw.
  3665 | D:4      | Found a radiant altar of Vehumet.
  3706 | D:4      | Reached skill level 6 in Spellcasting
  3777 | D:4      | Found a shadowy altar of Dithmenos.
  3961 | D:5      | Entered Level 5 of the Dungeon
  4116 | D:5      | Reached XP level 7. HP: 37/37 MP: 14/18
  4208 | D:5      | Found a broken altar of Ashenzari.
  4362 | D:5      | You fall into a shaft and drop 2 floors!
  4392 | D:7      | Reached skill level 7 in Spellcasting
  4438 | D:7      | Found a white marble altar of Elyvilon.
  4438 | D:7      | Found a bloodstained altar of Trog.
  4740 | D:6      | Reached skill level 8 in Spellcasting
  4740 | D:6      | Reached XP level 8. HP: 38/42 MP: 15/22
  4791 | D:6      | Reached skill level 5 in Conjurations
  5015 | D:6      | Found a staircase to the Ecumenical Temple.
  5039 | Temple   | Entered the Ecumenical Temple
  5130 | Temple   | Became a worshipper of Sif Muna the Loreminder
  5479 | D:5      | Noticed Sigmund
  5495 | D:5      | Killed from afar by Sigmund

Illustrated notes

Levels and vault maps discovered:
D:1:      psy_arrival_statuary, layout_basic
D:2:      minmay_angry_zag, layout_loops_ring, basic_altar
D:3:      minmay_roachtagon, layout_loops_ring, uniq_ijyb, uniq_jessica,
          uniq_robin
D:4:      layout_cave_pools, overflow_temple_1_default, xom_butterflies,
          chequers_temple_overflow_statue_of_worship
D:5:      layout_basic, mainiacjoe_overflow_catwalk, uniq_sigmund
D:6:      layout_cave_pools, minmay_temple_entry_junction_2
D:7:      lemuel_ratsnest, layout_cave_pods, zin_purify,
          gammafunk_temple_overflow_wave, grunt_decor_fettered,
          nrook_loot_triangle, minmay_manual_mullet, uniq_menkaure
Temple:   nicolae_temple_bog_church

Skill      XL: |  1  2  3  4  5  6  7  8 |
---------------+-------------------------+-----
Dodging        | 3 |  3.3
Fire Magic     | 4 5 6 7 |  7.1
Spellcasting   | 4 5 6 8 |  8.9
Conjurations   | 2 3 4 5 |  5.4
Fighting       | |  0.4
Stealth        | |  2.4

Action                   |  1- 3 |  4- 6 |  7- 9 || total
-------------------------+-------+-------+-------++-------
Melee: Short sword       |       |     1 |     1 ||     2
 Cast: Foxfire           |    54 |   128 |    74 ||   256
       Scorch            |    11 |    24 |    18 ||    53
       Flame Wave        |       |     1 |     1 ||     2
  Use: Potion            |       |     1 |       ||     1
Armor: Robe              |     2 |    10 |     2 ||    14
Dodge: Dodged            |     5 |    15 |     4 ||    24

Table legend: (Time is in decaauts)
 A = Elapsed time spent in this place.
 B = Non-inter-level travel time spent in this place.
 C = Inter-level travel time spent in this place.
 D = Time resting spent in this place.
 E = Time spent auto-exploring this place.
 F = Levels seen in this place.
 G = Mean time per level.
                   A        B        C        D        E       F      G
               +--------+--------+--------+--------+--------+-----+--------+
         Total |   5511 |   5400 |    111 |     95 |   4596 |   8 |  688.9 |
       Dungeon |   5220 |   5127 |     93 |     95 |   4340 |   7 |  745.7 |
        Temple |    291 |    273 |     18 |      0 |    256 |   1 |  291.0 |
               +--------+--------+--------+--------+--------+-----+--------+

Top non-repeatable levels by time:
     D:2: 1176 daAuts
     D:3: 1133 daAuts
     D:4: 901 daAuts
     D:1: 747 daAuts
     D:5: 533 daAuts
     D:7: 381 daAuts
     D:6: 347 daAuts
  Temple: 291 daAuts
